[Event "Titled Tuesday Blitz July 11 Late 2023"]
[White "Chen, Max"]
[Black "Villuendas Valero, Adrian"]
[WhiteFideId "2622440"]
[BlackFideId "2262460"]
[WhiteElo "2539"]
[BlackElo "2375"]
[Result "1-0"]
[Round "4"]
[TimeControl "180+2"]
[Date "2023.07.11"]
[WhiteClock "0:01:54"]
[BlackClock "0:00:45"]
[Board "119"]

1. e4 c6 2. c4 d5 3. cxd5 cxd5 4. exd5 Nf6 5. Qa4+ Bd7 6. Qb3 Qc7 7. Nc3 e6 8. dxe6 Bxe6 9. Bb5+ Nc6 10. Qa4 Bc5 11. d4 Bb6 12. Bg5 O-O 13. Bxf6 gxf6 14. Nf3 Qf4 15. O-O Nxd4 16. Nxd4 Qxd4 17. Rad1 Qxa4 18. Nxa4 Bxa2 19. Nxb6 axb6 20. Rd6 Ra5 21. Rxb6 Rxb5 22. Rxb5 Bc4 23. Rxb7 Bxf1 24. Kxf1 Rc8 25. Re7 Rc1+ 26. Re1 Rc2 27. Rb1 Rc5 28. b4 Rb5 29. Ke2 Kf8 30. f4 Ke7 31. Kd3 Kd6 32. Kc4 Kc6 33. Ra1 Rh5 34. h3 Rf5 35. g3 Rh5 36. h4 f5 37. Ra6+ 1-0


[Site "https://www.chess.com"]

[Event "Titled Tuesday Blitz July 11 Late 2023"]
[White "Arencibia Monduy, Antonio"]
[Black "GAO"]
[WhiteFideId "3507939"]
[WhiteElo "2537"]
[BlackElo "2374"]
[Result "0-1"]
[Round "4"]
[TimeControl "180+2"]
[Date "2023.07.11"]
[WhiteClock "0:00:05"]
[BlackClock "0:00:17"]
[Board "120"]

1. e4 c5 2. Nf3 d6 3. c3 Nf6 4. Bd3 g6 5. h3 Bg7 6. Bc2 O-O 7. O-O e5 8. Re1 Nc6 9. d4 exd4 10. cxd4 d5 11. e5 Nd7 12. dxc5 Ndxe5 13. Nc3 Nxf3+ 14. Qxf3 Be6 15. Rd1 Ne5 16. Qg3 Rc8 17. Bf4 Nc4 18. Bd6 Nxd6 19. cxd6 d4 20. d7 Bxd7 21. Ba4 Rxc3 22. bxc3 Bxa4 23. Rd2 Qa5 24. Rxd4 Bxd4 25. cxd4 Bc6 26. h4 Re8 27. Kh2 Re1 28. Rxe1 Qxe1 29. Qf4 Qe4 30. Qg5 h6 31. Qg3 Kg7 32. f3 Qf5 33. Qf2 Qf4+ 34. g3 Qxf3 35. Qxf3 Bxf3 36. Kg1 Bd5 37. a3 a5 38. Kf2 b5 39. Ke3 b4 40. axb4 axb4 41. Kd3 b3 42. Kc3 Kf6 0-1


[Site "https://www.chess.com"]

[Event "Titled Tuesday Blitz July 11 Late 2023"]
[White "Janaszak, Dawid"]
[Black "Krzywda, Andrzej"]
[WhiteFideId "1119206"]
[BlackFideId "1114565"]
[WhiteElo "2536"]
[BlackElo "2373"]
[Result "0-1"]
[Round "4"]
[TimeControl "180+2"]
[Date "2023.07.11"]
[WhiteClock "0:00:05"]
[BlackClock "0:00:06"]
[Board "121"]

1. d4 d5 2. Bf4 Nf6 3. Nf3 c5 4. e3 Nc6 5. Nbd2 cxd4 6. exd4 Qb6 7. Nb3 Bf5 8. c3 e6 9. Nh4 Bg6 10. Be2 Be7 11. O-O Rc8 12. h3 a6 13. a4 Qd8 14. a5 O-O 15. Nxg6 hxg6 16. Re1 Ne4 17. Bd3 f5 18. f3 Bh4 19. Re2 Ng3 20. Rxe6 g5 21. Bd2 Qc7 22. Nc5 Rce8 23. b4 Nd8 24. Re1 Nh5 25. Rxe8 Rxe8 26. Qb3 Qf7 27. b5 Nf4 28. Bxf4 gxf4 29. bxa6 bxa6 30. Qb6 Qe7 31. Qg6 Bg3 32. Qxf5 Qe3+ 33. Kh1 Qe1+ 34. Bf1 Qxa1 35. Qxd5+ Nf7 36. Qc4 Re1 37. Kg1 Qc1 38. Qd3 Qe3+ 39. Qxe3 fxe3 40. Nd3 Rd1 41. Nb2 Rd2 42. Nc4 Ra2 43. Nxe3 Bf2+ 44. Kh2 Bxe3 45. Bc4 Rxa5 46. Kg3 Ra3 47. Kg4 Rxc3 48. Be6 Kf8 49. d5 Bc5 50. Kf5 Bd6 51. Ke4 a5 52. Kd4 Rc1 53. Kd3 a4 54. Kd2 Rc5 0-1


[Site "https://www.chess.com"]

[Event "Titled Tuesday Blitz July 11 Late 2023"]
[White "Slovineanu, Viacheslav"]
[Black "Palencia Morales, Wilson Guillermo"]
[WhiteFideId "13900510"]
[BlackFideId "4401859"]
[WhiteElo "2371"]
[BlackElo "2533"]
[Result "1-0"]
[Round "4"]
[TimeControl "180+2"]
[Date "2023.07.11"]
[WhiteClock "0:01:58"]
[BlackClock "0:00:14"]
[Board "122"]

1. d4 Nf6 2. Nf3 e6 3. c4 b6 4. e3 Bb7 5. Bd3 c5 6. O-O cxd4 7. exd4 Be7 8. Nc3 d5 9. cxd5 Nxd5 10. Ne5 Nxc3 11. bxc3 Qd5 12. Qg4 Bf6 13. Re1 h5 14. Qg3 h4 15. Qg4 Qd8 16. Ba3 a6 17. Qxe6+ fxe6 18. Bg6# 1-0


[Site "https://www.chess.com"]

[Event "Titled Tuesday Blitz July 11 Late 2023"]
[White "Thorfinnsson, Bragi"]
[Black "K2JW"]
[WhiteFideId "2300958"]
[WhiteElo "2531"]
[BlackElo "2369"]
[Result "1/2-1/2"]
[Round "4"]
[TimeControl "180+2"]
[Date "2023.07.11"]
[WhiteClock "0:00:15"]
[BlackClock "0:00:06"]
[Board "123"]

1. c4 e6 2. Nf3 d5 3. g3 Nf6 4. Bg2 Be7 5. O-O d4 6. e3 c5 7. exd4 cxd4 8. d3 h6 9. a3 a5 10. Re1 Nc6 11. Ne5 Nxe5 12. Rxe5 Qc7 13. Re1 O-O 14. Nd2 e5 15. Rb1 a4 16. b4 axb3 17. Rxb3 Nd7 18. Nf3 Nc5 19. Rb5 Bd7 20. Rb1 Bd6 21. Qe2 Bf5 22. Rd1 Rfe8 23. Nh4 Bh7 24. Bd5 e4 25. dxe4 Nxe4 26. Rxb7 Qc5 27. Bxf7+ Kh8 28. Bxe8 Rxe8 29. Qg4 Bf8 30. Ng6+ Kg8 31. Nxf8 Qxf8 32. Qf4 Qxf4 33. Bxf4 Nc3 34. Rd2 d3 35. f3 Ne2+ 36. Kf2 Nd4 37. Rd7 Ne6 38. Rd5 Rc8 39. R5xd3 Bxd3 40. Rxd3 Nxf4 41. gxf4 Rxc4 42. Rd2 Rxf4 43. Ra2 Ra4 44. Ke3 Kf7 45. Kd3 Ke6 46. Kc3 Kd5 47. Kb3 Rf4 48. Rf2 g5 49. a4 Kc5 50. Rc2+ Kb6 51. Rc3 h5 52. Re3 g4 53. fxg4 Rxg4 54. Re6+ Kb7 55. Rh6 Rh4 56. a5 Rxh2 57. Kb4 Rb2+ 58. Ka3 Rb5 59. Ka4 Rg5 60. Kb4 Rg4+ 61. Kc5 Rg5+ 62. Kc4 Rxa5 63. Kb4 Rg5 64. Kc4 Kc7 65. Kd4 Kd7 66. Ke4 Ke7 67. Kf4 Ra5 68. Kg3 Kf7 69. Kh4 Kg7 70. Rxh5 Rxh5+ 71. Kxh5 1/2-1/2


[Site "https://www.chess.com"]

[Event "Titled Tuesday Blitz July 11 Late 2023"]
[White "Fernandez Siles, Luis"]
[Black "Bilan, Danila"]
[WhiteFideId "2209420"]
[BlackFideId "24161918"]
[WhiteElo "2365"]
[BlackElo "2524"]
[Result "1-0"]
[Round "4"]
[TimeControl "180+2"]
[Date "2023.07.11"]
[WhiteClock "0:00:39"]
[BlackClock "0:00:00"]
[Board "124"]

1. e4 c6 2. d4 d5 3. exd5 cxd5 4. c4 Nf6 5. Nc3 Nc6 6. Bg5 e6 7. Nf3 Be7 8. a3 dxc4 9. Bxc4 a6 10. O-O b5 11. Ba2 Bb7 12. Qd3 O-O 13. Rad1 Nd5 14. Bb1 g6 15. Bh6 Re8 16. Ne4 Bf8 17. Bg5 Be7 18. h4 Rc8 19. Nc5 Rc7 20. Rfe1 Bc8 21. Ba2 Bf6 22. Ne4 Bxg5 23. hxg5 Nce7 24. Ne5 Nf5 25. Bxd5 exd5 26. Nf6+ Kg7 27. Nxe8+ Qxe8 28. Nxg6 Qc6 29. Ne5 Qc2 30. Qg3 Be6 31. Qf4 Qxb2 32. g4 Nh4 33. Qg3 Rc3 34. Qxh4 Qxa3 35. Qh6+ Kg8 36. Qf6 Rh3 37. Qf4 Rh4 38. Re3 Qa4 39. Rde1 Qc2 40. Rf3 1-0


[Site "https://www.chess.com"]

[Event "Titled Tuesday Blitz July 11 Late 2023"]
[White "Principe, Gerson"]
[Black "Dubreuil, Julien"]
[WhiteFideId "3804550"]
[BlackFideId "621285"]
[WhiteElo "2522"]
[BlackElo "2362"]
[Result "1-0"]
[Round "4"]
[TimeControl "180+2"]
[Date "2023.07.11"]
[WhiteClock "0:00:04"]
[BlackClock "0:00:10"]
[Board "125"]

1. Nf3 Nf6 2. b4 d5 3. Bb2 Bf5 4. e3 e6 5. a3 Nbd7 6. d4 h6 7. Bd3 Bxd3 8. Qxd3 c6 9. c4 Qc7 10. Nbd2 Bd6 11. O-O O-O 12. Rfc1 Qd8 13. b5 Qe7 14. a4 c5 15. cxd5 Nxd5 16. Nc4 Bb8 17. a5 Rd8 18. Ba3 b6 19. g3 Qf6 20. Kg2 cxd4 21. exd4 Nf8 22. Qe4 Ng6 23. axb6 axb6 24. Be7 Rxa1 25. Bxf6 Nxf6 26. Qe1 Rxc1 27. Qxc1 Rc8 28. Qf1 Nd5 29. Nfe5 Bxe5 30. dxe5 Rc5 31. Nd6 Nxe5 32. Qa1 Rc2 33. Qxe5 Rc5 34. Qd4 Rc2 35. h4 Rc5 36. Ne4 Rxb5 37. Nc3 Rc5 38. Nxd5 exd5 39. Qb4 d4 40. Qxd4 Rc6 41. Qd8+ Kh7 42. Qd3+ g6 43. h5 Rf6 44. hxg6+ Rxg6 45. Qd7 Kg7 46. Qb7 Kg8 47. f4 Kg7 48. Kf3 Rf6 49. Kg4 Rg6+ 50. Kh4 Rf6 51. Qe7 Rg6 52. f5 Rg5 53. g4 Kg8 54. Qd8+ Kg7 55. Qxb6 Kg8 56. Qxh6 Rg7 57. Qc6 Rh7+ 58. Kg3 Kg7 59. Kf4 Rh2 60. Qc3+ Kh7 61. Kg5 Rh1 62. Qf6 Kg8 63. Qd8+ Kg7 64. Qd4+ Kh7 65. Kf6 Kg8 66. Qd8+ Kh7 67. Kxf7 Rh6 68. Qg8# 1-0


[Site "https://www.chess.com"]

[Event "Titled Tuesday Blitz July 11 Late 2023"]
[White "cedchass2006"]
[Black "Osmak, Yuliia"]
[BlackFideId "14101602"]
[WhiteElo "2359"]
[BlackElo "2514"]
[Result "0-1"]
[Round "4"]
[TimeControl "180+2"]
[Date "2023.07.11"]
[WhiteClock "0:00:07"]
[BlackClock "0:00:07"]
[Board "126"]

1. e4 c5 2. Nf3 Nc6 3. Bb5 e6 4. Bxc6 bxc6 5. b3 d6 6. Bb2 e5 7. O-O Nf6 8. c3 Nxe4 9. Re1 f5 10. d4 cxd4 11. cxd4 Be7 12. dxe5 d5 13. Nd4 Qb6 14. Qh5+ g6 15. Qe2 O-O 16. Nd2 c5 17. N4f3 Be6 18. Rac1 Rac8 19. Nb1 g5 20. Nfd2 g4 21. Nxe4 fxe4 22. Nc3 Bh4 23. g3 Bg5 24. Rcd1 Rcd8 25. Ba3 Qa5 26. Na4 Rc8 27. Qc2 Be7 28. Qc3 Qxc3 29. Nxc3 Rfd8 30. Na4 Kf7 31. Rc1 c4 32. Bxe7 Kxe7 33. bxc4 Rxc4 34. Rxc4 dxc4 35. Nc3 Rd2 36. Rxe4 Rc2 37. Re3 Kf7 38. h4 gxh3 39. Kh2 Rxf2+ 40. Kg1 Rg2+ 41. Kh1 Rc2 42. Rf3+ Ke7 43. Ne4 Bd5 44. Re3 Ke6 45. Kg1 Kxe5 46. Nf2+ Kd4 47. Re1 h2+ 48. Kxh2 Rxf2+ 49. Kh3 Rxa2 50. Re7 c3 51. Rxh7 c2 52. Rc7 Kd3 53. g4 Kd2 54. Rd7 c1=Q 55. Rxd5+ Ke3 56. Re5+ Kf4 57. Rf5+ Ke4 58. Kg3 Qe3+ 59. Kh4 Rh2# 0-1


[Site "https://www.chess.com"]

[Event "Titled Tuesday Blitz July 11 Late 2023"]
[White "Alahakoon, Isuru"]
[Black "ArchibaldCerveza29"]
[WhiteFideId "9900993"]
[WhiteElo "2357"]
[BlackElo "2513"]
[Result "0-1"]
[Round "4"]
[TimeControl "180+2"]
[Date "2023.07.11"]
[WhiteClock "0:00:00"]
[BlackClock "0:00:05"]
[Board "127"]

1. Nf3 f5 2. d3 Nf6 3. e4 d6 4. Nc3 Nc6 5. exf5 Bxf5 6. d4 e6 7. Nh4 Bg4 8. Be2 Bxe2 9. Nxe2 Be7 10. O-O O-O 11. Nf4 Qd7 12. Nf3 Rae8 13. d5 exd5 14. Nxd5 Bd8 15. c3 Qf5 16. Ne3 Qh5 17. Nd4 Qg6 18. Qb3+ Kh8 19. Ne6 Rg8 20. Qxb7 Ne5 21. f4 Neg4 22. f5 Qh5 23. Nxg4 Nxg4 24. h3 Ne5 25. Qe4 Bf6 26. Be3 g6 27. Nf4 Qxf5 28. Qxf5 gxf5 29. Nd5 Bh4 30. Rxf5 c6 31. Nf6 Bxf6 32. Rxf6 c5 33. Raf1 Rg6 34. Rxg6 hxg6 35. Bf4 Kg7 36. Bxe5+ Rxe5 37. Kf2 Rd5 38. Re1 Rd2+ 39. Re2 Rd1 40. Re7+ Kf6 41. Re2 Rd3 42. Re3 Rd2+ 43. Re2 Rd3 44. g3 a5 45. h4 a4 46. a3 Kf5 47. Kg2 d5 48. Rf2+ Ke4 49. Rf4+ Ke5 50. Rf3 Rd2+ 51. Rf2 Rd3 52. Kh3 Ke4 53. Kg4 Ke3 54. Rf3+ Ke2 55. Rxd3 Kxd3 56. Kg5 Kc2 57. Kxg6 d4 58. cxd4 cxd4 59. h5 d3 60. h6 d2 61. h7 d1=Q 62. h8=Q Qg4+ 63. Kf7 Qxg3 64. Qc8+ Kb3 65. Qb7+ Ka2 66. Qb4 Qb3+ 67. Ke7 Qxb2 0-1


[Site "https://www.chess.com"]

[Event "Titled Tuesday Blitz July 11 Late 2023"]
[White "Tifferet, Shaked"]
[Black "Cluke86"]
[WhiteFideId "2811529"]
[WhiteElo "2512"]
[BlackElo "2351"]
[Result "1-0"]
[Round "4"]
[TimeControl "180+2"]
[Date "2023.07.11"]
[WhiteClock "0:00:54"]
[BlackClock "0:00:05"]
[Board "128"]

1. c3 e5 2. h3 d5 3. d4 exd4 4. cxd4 Bd6 5. Nc3 c6 6. Nf3 Bf5 7. Bg5 f6 8. Bd2 Ne7 9. e3 Nd7 10. Be2 Nb6 11. Nh4 Be6 12. e4 Qc7 13. Rc1 dxe4 14. Nxe4 Bf4 15. Nc5 Bxd2+ 16. Qxd2 Bf7 17. O-O O-O 18. a4 Rad8 19. a5 Nbd5 20. a6 b6 21. Nd3 Qc8 22. Nf4 Nxf4 23. Qxf4 Nd5 24. Qg3 Rfe8 25. Rfe1 Nb4 26. Bg4 Qxa6 27. Nf5 Bg6 28. Ne7+ Kf7 29. Qc7 Kf8 30. Nxg6+ hxg6 31. Be6 1-0


[Site "https://www.chess.com"]

[Event "Titled Tuesday Blitz July 11 Late 2023"]
[White "Zhang, Derek"]
[Black "Spichkin, Alexander"]
[WhiteFideId "2087871"]
[BlackFideId "4144074"]
[WhiteElo "2511"]
[BlackElo "2348"]
[Result "0-1"]
[Round "4"]
[TimeControl "180+2"]
[Date "2023.07.11"]
[WhiteClock "0:00:04"]
[BlackClock "0:00:40"]
[Board "129"]

1. Nf3 e6 2. c4 f5 3. e3 Nf6 4. Nc3 Bb4 5. Qc2 O-O 6. b3 b6 7. Bb2 Bb7 8. Be2 a5 9. h3 Na6 10. g4 Nc5 11. gxf5 Bxc3 12. Bxc3 Nfe4 13. fxe6 Nxc3 14. Qxc3 Bxf3 15. Rg1 Qf6 16. e7 Qxe7 17. Bxf3 Rxf3 18. O-O-O Rxf2 19. Kc2 Raf8 20. h4 R8f7 21. h5 Qe4+ 22. Kb2 Qd3 23. Qe5 Qxb3+ 24. Ka1 Qxc4 25. Qe8+ Rf8 26. Rxg7+ Kxg7 27. Rg1+ Kh8 28. Qe5+ R2f6 29. Qe7 Qf7 30. Qe5 Nd3 31. Qd4 Nf2 32. h6 c5 33. Qc3 Ne4 34. Qc2 Re6 35. Qb2+ Qf6 0-1


[Site "https://www.chess.com"]

[Event "Titled Tuesday Blitz July 11 Late 2023"]
[White "Gasparyan, David"]
[Black "Daianu, Cristian-Clement"]
[WhiteFideId "13311980"]
[BlackFideId "1208926"]
[WhiteElo "2505"]
[BlackElo "2344"]
[Result "0-1"]
[Round "4"]
[TimeControl "180+2"]
[Date "2023.07.11"]
[WhiteClock "0:01:48"]
[BlackClock "0:01:17"]
[Board "130"]

1. d4 f5 2. h4 Nf6 3. Nh3 e6 4. g3 d6 5. Bg2 Be7 6. c4 O-O 7. O-O a5 8. Nc3 Bd7 9. Nf4 e5 10. dxe5 dxe5 11. Nd3 Ng4 12. Bxb7 Bc6 13. Bxc6 Nxc6 14. Nd5 Bxh4 15. Nc5 Nd4 16. e3 Nxf2 17. Rxf2 Bxg3 18. Rg2 f4 19. exd4 Qh4 20. Qf3 Rae8 21. Bd2 Kh8 22. Rf1 Rf5 23. dxe5 Rh5 24. Bxf4 Qh1# 0-1


[Site "https://www.chess.com"]

[Event "Titled Tuesday Blitz July 11 Late 2023"]
[White "kripri"]
[Black "Sebag, Marie"]
[BlackFideId "617822"]
[WhiteElo "2342"]
[BlackElo "2504"]
[Result "0-1"]
[Round "4"]
[TimeControl "180+2"]
[Date "2023.07.11"]
[WhiteClock "0:00:13"]
[BlackClock "0:00:52"]
[Board "131"]

1. e4 c5 2. Nf3 Nc6 3. d4 cxd4 4. Nxd4 Nf6 5. Nc3 e5 6. Ndb5 d6 7. Bg5 a6 8. Na3 b5 9. Nd5 Be7 10. c4 Nxd5 11. Bxe7 Ndxe7 12. cxb5 Nd4 13. Qa4 O-O 14. bxa6 Qb6 15. Nc4 Qxa6 16. Qxa6 Bxa6 17. Rc1 Rfc8 18. Bd3 d5 19. exd5 Nxd5 20. Kd2 Nf4 21. Be4 Rab8 22. Nxe5 Re8 23. Ke3 Nde2 24. Rc5 f6 25. Nc6 Nxg2+ 26. Kf3 Nh4+ 27. Ke3 Rxb2 28. Rd1 f5 0-1


[Site "https://www.chess.com"]

[Event "Titled Tuesday Blitz July 11 Late 2023"]
[White "Shapiro, Daniel"]
[Black "Peycheva, Gergana"]
[WhiteFideId "2001780"]
[BlackFideId "2916711"]
[WhiteElo "2342"]
[BlackElo "2502"]
[Result "0-1"]
[Round "4"]
[TimeControl "180+2"]
[Date "2023.07.11"]
[WhiteClock "0:00:00"]
[BlackClock "0:00:04"]
[Board "132"]

1. d4 d5 2. c4 dxc4 3. e4 e5 4. Nf3 exd4 5. Bxc4 Nc6 6. O-O Bc5 7. Qb3 Qf6 8. Bg5 Qg6 9. Nbd2 Nge7 10. Rac1 O-O 11. Bxf7+ Qxf7 12. Qxf7+ Rxf7 13. Rxc5 Be6 14. a3 h6 15. Bh4 Ng6 16. Bg3 Rd8 17. b4 a6 18. Rfc1 Nf4 19. Kf1 Nd3 20. Rxc6 bxc6 21. Rxc6 Bd7 22. Rxc7 Bb5 23. Rxf7 Kxf7 24. Kg1 Rc8 25. h3 Rc2 26. Nb3 Bc4 27. Nbxd4 Ra2 28. Nf5 Rxa3 29. Nd6+ Ke7 30. Nxc4 Ra1+ 31. Kh2 Rb1 32. Nd4 Nxb4 33. Be5 Nd3 34. Bxg7 Nxf2 35. Bxh6 Nxe4 36. Be3 Ke8 37. h4 Rb4 38. Ne5 a5 39. Nec6 Ra4 40. Nb5 Nf6 41. Kh3 Ng4 42. Kg3 Nxe3 43. Kf3 Nd5 44. g4 Rf4+ 0-1


[Site "https://www.chess.com"]

[Event "Titled Tuesday Blitz July 11 Late 2023"]
[White "Tsyhanchuk, Stanislav"]
[Black "Forgacs, Attila Jr."]
[WhiteFideId "13505130"]
[BlackFideId "773654"]
[WhiteElo "2321"]
[BlackElo "2500"]
[Result "0-1"]
[Round "4"]
[TimeControl "180+2"]
[Date "2023.07.11"]
[WhiteClock "0:00:00"]
[BlackClock "0:00:30"]
[Board "133"]

1. e4 e5 2. Nf3 Nc6 3. Bc4 Nf6 4. d3 h6 5. O-O d6 6. a3 g5 7. Nc3 Bg7 8. d4 Bg4 9. Be3 Bxf3 10. gxf3 O-O 11. d5 Ne7 12. Kh1 Qd7 13. Rg1 Ng6 14. b4 Nh5 15. Ne2 Qh3 16. Ng3 Nhf4 17. Nf5 Nh4 18. Bxf4 exf4 19. Nxh4 Qxh4 20. Rb1 Qxf2 21. Qe2 Qxe2 22. Bxe2 Bd4 23. Rg2 Kg7 24. c4 Kf6 25. Bd3 b6 26. Rc2 a5 27. b5 Rg8 28. h3 Ke5 29. a4 Rg7 30. Rg2 h5 31. Be2 Rh8 32. h4 g4 33. Kh2 Rhg8 34. fxg4 hxg4 35. Bd1 f3 36. Rc2 g3+ 37. Kh3 g2 0-1


[Site "https://www.chess.com"]

[Event "Titled Tuesday Blitz July 11 Late 2023"]
[White "Perske, Thore"]
[Black "Kostiukov, Alexandr"]
[WhiteFideId "12902195"]
[BlackFideId "14108100"]
[WhiteElo "2499"]
[BlackElo "2312"]
[Result "0-1"]
[Round "4"]
[TimeControl "180+2"]
[Date "2023.07.11"]
[WhiteClock "0:01:19"]
[BlackClock "0:01:15"]
[Board "134"]

1. d4 g6 2. c4 Bg7 3. Nc3 d6 4. e4 e5 5. Nf3 exd4 6. Nxd4 Nc6 7. Be3 Nge7 8. g3 O-O 9. Bg2 Ne5 10. b3 Ng4 11. Bc1 c6 12. h3 Qb6 13. Nce2 c5 14. hxg4 cxd4 15. Qd3 Bxg4 16. f3 Be6 17. Bb2 Nc6 18. Nf4 Nb4 19. Qd2 d3 20. Bxg7 Kxg7 21. Nxe6+ fxe6 22. Qh6+ Kf6 23. Qh4+ Ke5 24. Qxh7 Qe3+ 25. Kf1 Rxf3+ 26. Bxf3 Qxf3+ 27. Ke1 Qe2# 0-1


[Site "https://www.chess.com"]

[Event "Titled Tuesday Blitz July 11 Late 2023"]
[White "Antonio, Jorge Carlos"]
[Black "Merino Garcia, Rafael II"]
[WhiteFideId "113190"]
[BlackFideId "2209128"]
[WhiteElo "2293"]
[BlackElo "2493"]
[Result "0-1"]
[Round "4"]
[TimeControl "180+2"]
[Date "2023.07.11"]
[WhiteClock "0:00:35"]
[BlackClock "0:00:28"]
[Board "135"]

1. d4 Nf6 2. Nf3 e6 3. Bg5 h6 4. Bh4 b6 5. e3 Bb7 6. Be2 d6 7. O-O Nbd7 8. c4 g5 9. Bg3 Ne4 10. Nbd2 Nxg3 11. fxg3 Bg7 12. Bd3 Nf6 13. Qe2 c5 14. Rae1 Qe7 15. b3 Nd7 16. h3 f5 17. e4 f4 18. gxf4 gxf4 19. d5 O-O-O 20. dxe6 Qxe6 21. a4 Rhg8 22. a5 Bf6 23. Kh1 Rg3 24. Nh2 Be5 25. Ndf3 Rdg8 26. Rf2 Qg6 27. axb6 axb6 28. Ra1 Bxa1 29. e5 Qg7 30. e6 Ne5 31. Nxe5 Bxe5 32. Be4 Bxe4 33. Qxe4 Qb7 34. Qxb7+ Kxb7 35. Ng4 h5 36. Nh6 Re8 37. Nf5 Rxb3 38. e7 Rb1+ 39. Kh2 h4 40. Rd2 Kc6 41. Ra2 f3+ 42. g3 hxg3+ 43. Nxg3 Rxe7 44. h4 Rg7 0-1


[Site "https://www.chess.com"]

[Event "Titled Tuesday Blitz July 11 Late 2023"]
[White "Liu, Casper"]
[Black "Freile Martin, Javier"]
[WhiteFideId "1454153"]
[BlackFideId "3600165"]
[WhiteElo "2491"]
[BlackElo "2300"]
[Result "1-0"]
[Round "4"]
[TimeControl "180+2"]
[Date "2023.07.11"]
[WhiteClock "0:00:59"]
[BlackClock "0:01:00"]
[Board "136"]

1. d4 Nf6 2. Bf4 e6 3. Nf3 b6 4. e3 Bb7 5. Nbd2 Nh5 6. Be5 d6 7. Bg3 Nxg3 8. hxg3 g6 9. Bd3 Bg7 10. c3 Nd7 11. Qc2 O-O 12. Ne4 Qe7 13. Neg5 Nf6 14. O-O-O c5 15. Rh2 h6 16. Bxg6 fxg6 17. Qxg6 Bxf3 18. gxf3 hxg5 19. Rdh1 1-0


[Site "https://www.chess.com"]

[Event "Titled Tuesday Blitz July 11 Late 2023"]
[White "Mei, Austin"]
[Black "Georg, Heinz"]
[WhiteFideId "30948479"]
[BlackFideId "4607295"]
[WhiteElo "2486"]
[BlackElo "2281"]
[Result "1-0"]
[Round "4"]
[TimeControl "180+2"]
[Date "2023.07.11"]
[WhiteClock "0:00:11"]
[BlackClock "0:00:00"]
[Board "137"]

1. e4 c5 2. Nf3 Nc6 3. d4 cxd4 4. Nxd4 e5 5. Nb5 d6 6. c4 Be7 7. N1c3 a6 8. Na3 f5 9. Bd3 fxe4 10. Nxe4 Nf6 11. O-O O-O 12. Nc2 Be6 13. Ne3 Nd4 14. b3 b5 15. Bb2 bxc4 16. bxc4 Nc6 17. Ng5 Bd7 18. Qc2 h6 19. Nh7 Nb4 20. Qc3 Nxh7 21. Qxb4 d5 22. Qd2 d4 23. Nd5 Bd6 24. f4 Nf6 25. Rae1 Nxd5 26. cxd5 exf4 27. Bxd4 Qg5 28. Be4 Rae8 29. Bf3 Bb5 30. Rxe8 Rxe8 31. Re1 Qd8 32. Re6 Bd7 33. Rxd6 Qc7 34. Rb6 Bb5 35. d6 Qc4 36. h3 Qf1+ 37. Kh2 Re1 38. Bd5+ Kh7 39. g4 1-0


[Site "https://www.chess.com"]

[Event "Titled Tuesday Blitz July 11 Late 2023"]
[White "Ward, Ieuan C"]
[Black "Novikov, Evgenij"]
[WhiteFideId "406627"]
[BlackFideId "4125380"]
[WhiteElo "2287"]
[BlackElo "2484"]
[Result "0-1"]
[Round "4"]
[TimeControl "180+2"]
[Date "2023.07.11"]
[WhiteClock "0:00:06"]
[BlackClock "0:00:08"]
[Board "138"]

1. d4 Nf6 2. c4 g6 3. Nc3 Bg7 4. Nf3 O-O 5. e4 d6 6. Be2 e5 7. O-O Nc6 8. d5 Ne7 9. Ne1 Nd7 10. Nd3 f5 11. f3 a5 12. c5 Nxc5 13. Nxc5 dxc5 14. Be3 b6 15. Nb5 Ba6 16. Qb3 Kh8 17. Rad1 Bxb5 18. Bxb5 Nc8 19. Bc6 Ra7 20. a4 Nd6 21. Qc2 Qh4 22. Bf2 Qf6 23. Bg3 h5 24. exf5 Nxf5 25. Bf2 Nd4 26. Qe4 Rf7 27. Rfe1 Nxc6 28. dxc6 Ra8 29. Rd7 Re8 30. Red1 Ree7 31. Bh4 g5 32. Bg3 h4 33. Be1 Rxd7 34. cxd7 Rf8 35. Bc3 Rd8 36. Qd5 Kh7 37. h3 Qe7 38. Qe4+ Kh8 39. Qf5 Bf6 40. Kh1 Kg7 41. Rd5 c6 42. Rd1 b5 43. b3 b4 44. Bb2 c4 45. bxc4 e4 46. Qxg5+ Kf7 47. Qxf6+ Qxf6 48. Bxf6 Kxf6 49. fxe4 Ke7 50. g4 hxg3 51. Kg2 Rxd7 52. Re1 Rd3 53. h4 b3 54. Rb1 Ke6 55. h5 Ke5 56. h6 Kf4 57. h7 Rd2+ 58. Kh3 Rh2# 0-1


[Site "https://www.chess.com"]

[Event "Titled Tuesday Blitz July 11 Late 2023"]
[White "Bettalli, Francesco"]
[Black "Ardila, Oscar Humberto"]
[WhiteFideId "2816453"]
[BlackFideId "4404742"]
[WhiteElo "2484"]
[BlackElo "2276"]
[Result "0-1"]
[Round "4"]
[TimeControl "180+2"]
[Date "2023.07.11"]
[WhiteClock "0:00:08"]
[BlackClock "0:00:04"]
[Board "139"]

1. d4 Nf6 2. Nc3 e6 3. e4 d5 4. e5 Nfd7 5. Nce2 c5 6. c3 Nc6 7. f4 Qb6 8. Nf3 cxd4 9. cxd4 Bb4+ 10. Bd2 g6 11. a3 Be7 12. b4 a5 13. bxa5 Nxa5 14. Rb1 Qd8 15. Nc3 Nc4 16. Bxc4 dxc4 17. Nb5 O-O 18. Bb4 Nb6 19. Bxe7 Qxe7 20. Nd6 Nd5 21. O-O Nc3 22. Qc2 Nxb1 23. Rxb1 Rxa3 24. Qxc4 Qd7 25. Ng5 Qa4 26. Qxa4 Rxa4 27. Nge4 Rxd4 28. Nf6+ Kh8 29. g3 Rd2 30. Rc1 b5 31. Nxc8 b4 32. Nd6 b3 33. Rb1 b2 34. Nc4 Rc2 35. Rxb2 Rxc4 36. Kg2 Rfc8 37. Kh3 h5 38. Kh4 Kg7 39. Kg5 Rc2 40. Rb7 R2c7 41. Rb3 Rd8 42. h3 Rdc8 43. g4 hxg4 44. hxg4 Rd8 45. Rh3 Rh8 46. Rd3 Rhc8 47. Rd6 Kf8 48. f5 gxf5 49. gxf5 Ke7 50. Rd1 Rd8 51. Rh1 exf5 52. Kxf5 Rc2 53. Rf1 Rdd2 54. Ne4 Rh2 55. Ra1 Rh5+ 56. Ng5 Rg2 57. Ra7+ Kd8 58. Ra8+ Kc7 59. Rg8 Kc6 60. Kf6 Kd5 61. Rd8+ Kc5 62. Nxf7 Rf2+ 63. Ke6 Rhf5 64. Nd6 Rh5 65. Rc8+ Kb6 66. Rb8+ Ka7 67. Rb4 Re2 68. Nf7 Rh3 69. Kd6 Rd3+ 70. Ke7 Rde3 71. Ke6 Re1 72. Kf6 Ka6 73. Rb8 Rf3+ 74. Ke6 Rfe3 75. Kd5 Rd3+ 76. Kc6 Ka7 77. Rb7+ Ka8 78. Re7 Rc1+ 79. Kb5 Rb3+ 80. Ka4 Rb2 81. Ka3 Rb6 82. Ka2 Rc4 83. Re8+ Ka7 84. Re7+ Ka6 85. Ka3 Rc1 86. Ka2 Rc5 87. Ra7+ Kxa7 88. Nd6 Ra5# 0-1


[Site "https://www.chess.com"]

[Event "Titled Tuesday Blitz July 11 Late 2023"]
[White "Ladan, Nicholas"]
[Black "Marchesich, Giovanni"]
[WhiteFideId "30918855"]
[BlackFideId "2824790"]
[WhiteElo "2483"]
[BlackElo "2269"]
[Result "1-0"]
[Round "4"]
[TimeControl "180+2"]
[Date "2023.07.11"]
[WhiteClock "0:00:13"]
[BlackClock "0:00:49"]
[Board "140"]

1. e3 b6 2. Qf3 d5 3. c4 Bb7 4. Nc3 Nf6 5. cxd5 e6 6. Bb5+ Nbd7 7. e4 exd5 8. exd5 Be7 9. d4 O-O 10. Bc6 Bxc6 11. dxc6 Nb8 12. Nge2 a6 13. Bf4 Bd6 14. Bxd6 Qxd6 15. d5 Rd8 16. O-O a5 17. Rfd1 Na6 18. Nd4 Nb4 19. Nf5 Qc5 20. Rac1 Qf8 21. a3 Na6 22. Nb5 g6 23. Ne3 Ne8 24. h4 Nd6 25. Nxd6 Qxd6 26. h5 f5 27. Nc4 Qf6 28. h6 Nc5 29. d6 cxd6 30. Nxb6 Ra7 31. Qd5+ Qf7 32. Rxc5 Qxd5 33. Rcxd5 Rb8 34. Nc4 Rc7 35. Rxd6 1-0


[Site "https://www.chess.com"]